 Dungeon Crawl Stone Soup version 0.31.0-32-g396128a36d (webtiles) character file.

Game seed: 14416295012840493621

869 spaghetti the Summoner (level 8, -8/57 HPs)
             Began as a Human Summoner on Mar 11, 2024.
             Mangled by a gnoll sergeant
             ... wielding a +0 spear
              (13 damage)
             ... on level 5 of the Dungeon.
             The game lasted 00:07:22 (5042 turns).

spaghetti the Summoner (Human Summoner)             Turns: 5042, Time: 00:07:22

Health: -8/57      AC:  3    Str:  9    XL:     8   Next: 3%
Magic:  0/11       EV: 12    Int: 18    God:
Gold:   172        SH:  0    Dex: 13    Spells: 1/11 levels left

rFire   . . .        c - +2 spear (flame)
rCold   . . .        (no shield)
rNeg    . . .        a - +0 robe
rPois   .            (no helmet)
rElec   .            (no cloak)
rCorr   .            o - +0 pair of gloves {infuse}
SInv    .            (no boots)
Will    .....        d - amulet of regeneration
Stlth   ++           (no ring)
HPRegen 1.09/turn    (no ring)
MPRegen 0.12/turn

%: random rage (3%)
@: on berserk cooldown, slowed, inugami summoned, very slow
A: explore regen, berserk 1, robust 1
a: no special abilities


You were on level 5 of the Dungeon.
You visited 1 branch of the dungeon, and saw 5 of its levels.

You collected 172 gold pieces.

Inventory:

Hand Weapons
 c - a +2 spear of flaming (weapon)
Armour
 a - a +0 robe (worn)
 o - a +0 pair of gloves of infusion (worn)
Jewellery
 d - an amulet of regeneration (around neck)
Wands
 r - a wand of mindburst (13)
Scrolls
 f - a scroll of teleportation
 g - 2 scrolls of fog
 h - a scroll of noise
 l - 2 scrolls of amnesia
 m - a scroll of vulnerability
 p - a scroll of blinking
 q - a scroll of enchant weapon
 s - 2 scrolls of identify
Potions
 e - 2 potions of mutation
 j - a potion of brilliance


   Skills:
 - Level 2.0 Dodging
 - Level 2.0 Stealth
 - Level 2.0 Spellcasting
 + Level 9.5 Summonings
 + Level 1.9 Air Magic


You had one spell level left.
You knew the following spells:

 Your Spells              Type           Power      Damage    Failure   Level
a - Summon Small Mammal   Summ           100%       N/A       1%          1
b - Call Imp              Summ           72%        N/A       1%          2
c - Call Canine Familiar  Summ           36%        N/A       1%          3
d - Summon Lightning Spi  Summ/Air       22%        N/A       17%         4

Your spell library contained the following spells:

 Spells                   Type           Power      Damage    Failure   Level
 Lesser Beckoning         Tloc           2%         N/A       26%         2
 Summon Blazeheart Golem  Fire/Summ      18%        N/A       26%         4
 Gell's Gravitas          Tloc           1%         N/A       47%         3
 Teleport Other           Tloc           1%         N/A       47%         3
 Brom's Barrelling Bould  Conj/Erth      1%         2d3       87%         4
 Fireball                 Conj/Fire      0%         3d3       99%         5
 Iskenderun's Battlesphe  Conj           1%         2d6       99%         5
 Conjure Ball Lightning   Conj/Air       2%         3x3d6     100%        6
 Orb of Destruction       Conj           0%         9d5       100%        7


Dungeon Overview and Level Annotations

Branches:
Dungeon (5/15)
 Temple: D:4-7

Altars:
Cheibriados
Qazlal

Shops:
D:2 (   D:4 *

Annotations:
D:3 1 runed translucent door, Traejeek's ghost, amateur DrMo


Innate Abilities, Weirdness & Mutations

You regain HP and MP as you explore.
You sometimes lose your temper in combat.
You are robust. (+10% HP)


Message History

The gnoll bouda is healed somewhat.
Your inugami hits the gnoll bouda. You hit the gnoll bouda.
You burn the gnoll bouda.
You kill the gnoll bouda!
The gnoll sergeant hits you but does no damage.
Reach: c) +2 spear (flame)
Press: ? - help, Dir - move target, f/p - gnoll sergeant
Aim: a gnoll sergeant, wielding a +0 spear and wearing a +0 scale mail (heavily wounded, covering ground quickly, ally target, about 31% to evade your +2 spear of flaming)
You reach to attack!
You barely miss the gnoll sergeant.
The gnoll sergeant is heavily wounded.
Your inugami barely misses the gnoll sergeant.
The gnoll sergeant hits you from afar with a +0 spear.
* * * LOW HITPOINT WARNING * * *
Reach: c) +2 spear (flame)
Press: ? - help, Dir - move target, f/p - gnoll sergeant
Aim: a gnoll sergeant, wielding a +0 spear and wearing a +0 scale mail (heavily wounded, covering ground quickly, ally target, about 31% to evade your +2 spear of flaming)
You reach to attack!
You hit the gnoll sergeant but do no damage.
The gnoll sergeant is heavily wounded.
Your inugami barely misses the gnoll sergeant.
The gnoll sergeant hits you from afar with a +0 spear.
* * * LOW HITPOINT WARNING * * *
Your inugami closely misses the gnoll sergeant.
Things that are here:
a +0 falchion; 3 boomerangs You feel a strong urge to attack something.
You are no longer berserk.
You are exhausted.
You feel yourself slow down.
Casting: Call Imp (safe; 1% risk of failure)
Confirm with . or Enter, or press ? or * to list all spells.
You don't have enough magic to cast this spell.
Okay, then.
Okay, then.
Aiming: Mindburst
Press: ? - help, Shift-Dir - straight line, f/p - gnoll sergeant
Aim: a gnoll sergeant, wielding a +0 spear and wearing a +0 scale mail (heavily wounded, covering ground quickly, ally target, chance to affect: 64%)
The gnoll sergeant's mind is blasted!
Your inugami hits the gnoll sergeant but does no damage.
The gnoll sergeant hits you from afar with a +0 spear!
You die...

..# ##....#
............... ..#
###..# ...............
.## ##.#
.......(....... ## #.#
'#....#g....... ### #.#
#....#((...... ..###
#.## #... #(5......
....## #..##
######.....!.. .....#
#...##########.........
.....#
#.....@)g)h............
.....#
#####.####.............
....##
#..#######.##.)....
##### ##..##
#.####..... ##..#
##.##.......
##.###.###...####
##.##.# #..## ##..##
#.# #..# #.


You could see a gnoll sergeant (swift, ally target) and a friendly inugami
(summoned).

Vanquished Creatures
  A nameless horror (D:5)
  A water moccasin (D:4)
  An ogre (D:4)
  2 phantoms (D:4)
  A scorpion (D:4)
  A hound (D:4)
  A gnoll bouda (D:5)
  A gnoll (D:5)
  3 adders
  A dart slug (D:3)
  3 ribbon worms
  3 orcs
  3 endoplasms
  2 giant cockroaches (D:2)
  8 goblins
  4 hobgoblins
  4 jackals
  6 ball pythons
  2 bats (D:2)
  3 frilled lizards (D:1)
  3 kobolds
  A rat (D:3)
55 creatures vanquished.

Vanquished Creatures (collateral kills)
  An ogre (D:4)
  A wight (D:3)
  An iguana (D:5)
  4 adders
  9 gnolls (D:5)
  2 ribbon worms
  A dart slug (D:3)
  2 orcs (D:4)
  3 endoplasms
  A giant cockroach (D:3)
  A goblin (D:4)
  A hobgoblin (D:1)
  A jackal (D:5)
  4 kobolds
  3 quokkas
  2 ball pythons
  A frilled lizard (D:3)
  3 rats
41 creatures vanquished.

Grand Total: 96 creatures vanquished

Notes
Turn   | Place    | Note
-------+----------+-------------------------------------------
     0 | D:1      | spaghetti the Human Summoner began the quest for the Orb.
     0 | D:1      | Reached XP level 1. HP: 13/13 MP: 3/3
   123 | D:1      | Reached XP level 2. HP: 19/19 MP: 1/5
   130 | D:1      | Learned a level 2 spell: Call Imp
   268 | D:1      | Found a faded altar of an unknown god.
   789 | D:1      | Reached XP level 3. HP: 22/24 MP: 4/6
   793 | D:1      | Learned a level 3 spell: Call Canine Familiar
  1000 | D:2      | Reached skill level 5 in Summonings
  1581 | D:2      | Found Baarchech's Weapon Boutique.
  2197 | D:3      | Reached XP level 4. HP: 30/30 MP: 1/7
  2614 | D:3      | Reached skill level 6 in Summonings
  2614 | D:3      | Reached XP level 5. HP: 10/35 MP: 3/8
  2897 | D:3      | Found a snail-covered altar of Cheibriados.
  3379 | D:3      | Found a runed translucent door.
  3379 | D:3      | Noticed Traejeek's ghost (amateur DrMo)
  3512 | D:4      | Gained mutation: Your body sometimes deteriorates upon
                  | taking damage. [potion of mutation]
  3512 | D:4      | Gained mutation: Your spells are a little easier to cast,
                  | but a little less powerful. [potion of mutation]
  3513 | D:4      | Lost mutation: Your spells are a little easier to cast, but
                  | a little less powerful. [potion of mutation]
  3513 | D:4      | Lost mutation: Your body sometimes deteriorates upon taking
                  | damage. [potion of mutation]
  3513 | D:4      | Gained mutation: You sometimes lose your temper in combat.
                  | [potion of mutation]
  3513 | D:4      | Gained mutation: You are robust. (+10% HP) [potion of
                  | mutation]
  3549 | D:4      | Reached skill level 7 in Summonings
  3774 | D:4      | Noticed a phantom
  3787 | D:4      | Killed a phantom
  3788 | D:4      | Reached XP level 6. HP: 28/45 MP: 4/9
  3964 | D:4      | Found Zecik's Serpentskin Sales.
  3964 | D:4      | Noticed a water moccasin
  3974 | D:4      | Killed a water moccasin
  3976 | D:4      | Reached skill level 8 in Summonings
  4033 | D:4      | Reached XP level 7. HP: 50/50 MP: 4/10
  4494 | D:4      | Reached skill level 9 in Summonings
  4591 | D:4      | Learned a level 4 spell: Summon Lightning Spire
  4601 | D:5      | Entered Level 5 of the Dungeon
  4648 | D:5      | Found a stormy altar of Qazlal.
  4811 | D:5      | Reached skill level 1 in Air Magic
  4850 | D:5      | Noticed a nameless horror
  4909 | D:5      | Killed a nameless horror
  5029 | D:5      | Reached XP level 8. HP: 27/57 MP: 1/11
  5039 | D:5      | HP: 4/85 [gnoll sergeant/+0 spear (5)]
  5042 | D:5      | Mangled by a gnoll sergeant

Illustrated notes

Levels and vault maps discovered:
D:1:      minmay_arrival_shattered_statue, layout_basic, basic_ecumenical_altar,
          kennysheep_nondescript, minmay_crystal_water
D:2:      layout_loops_corners, serial_shops, nicolae_shop_rolling_square,
          amethyst_killhole
D:3:      layout_loops_cross, kennysheep_slug_shrine, gammafunk_ghost_grave,
          corexii_item_surrounded_by_moat, serial_bayou_lagoon_a,
          hangedman_abyss_or_decor_stabs, minmay_unequal
D:4:      layout_basic, guppyfry_shop_venom
D:5:      layout_cave_pods, nicolae_qazlal_scattered_showers, serial_gnoll_camp,
          gnoll_camp_mini_hut, gnoll_camp_medium_02, gnoll_camp_mini_house,
          gnoll_camp_mini_basic

Skill      XL: |  1  2  3  4  5  6  7 |
---------------+----------------------+-----
Summonings     | 5 6 7 8 9 |  9.5
Air Magic      | 1 |  1.9
Dodging        | |  2.0
Stealth        | |  2.0
Spellcasting   | |  2.0

Action                     |  1- 3 |  4- 6 |  7- 9 || total
---------------------------+-------+-------+-------++-------
  Melee: Spear             |    68 |    70 |    86 ||   224
         Unarmed           |     1 |       |       ||     1
         Punch             |       |       |     1 ||     1
   Cast: Summon Small Mamm |     9 |     1 |    10 ||    20
         Call Imp          |    20 |    21 |     9 ||    50
         Call Canine Famil |     9 |    17 |     7 ||    33
         Summon Lightning  |       |       |     2 ||     2
  Evoke: Wand              |       |       |     1 ||     1
    Use: Scroll            |       |     6 |     5 ||    11
         Potion            |       |     2 |     5 ||     7
   Stab: Sleeping          |     6 |     2 |       ||     8
 Armour: Robe              |    17 |    24 |    58 ||    99
         Skin              |       |       |    18 ||    18
  Dodge: Dodged            |    27 |    26 |    53 ||   106
